 Dungeon Crawl Stone Soup version 0.30-a0-726-gd89dcf765f (webtiles) character file.

Game seed: 14534085415796502404

171 browni3141 the Digger (level 5, -6/38 HPs)
             Began as a Human Earth Elementalist on Jan 30, 2023.
             Was an Initiate of Kikubaaqudgha.
             Killed by nerve-wracking pain
             ... invoked by a shadow imp
             ... summoned by Eustachio
              (10 damage)
             ... on level 4 of the Dungeon.
             The game lasted 00:05:59 (3062 turns).

browni3141 the Digger (Human Earth Elementalist)    Turns: 3062, Time: 00:06:00

Health: -6/38      AC:  4    Str:  8    XL:     5   Next: 81%
Magic:  4/8        EV: 12    Int: 17    God:    Kikubaaqudgha [......]
Gold:   113        SH:  0    Dex: 14    Spells: 2/8 levels left

rFire   + . .      SeeInvis .    f - +0 dagger
rCold   + . .      Faith    .    (no shield)
rNeg    . . .      Spirit   .    v - +2 robe {rC+ rF+}
rPois   .          Reflect  .    (no helmet)
rElec   .          Harm     .    (no cloak)
rCorr   .          Rampage  .    (no gloves)
Will    .....                    (no boots)
Stlth   ++                       (no amulet)
HPRegen 0.26/turn                (no ring)
MPRegen 0.11/turn                (no ring)

@: no status effects
A: no striking features
a: Renounce Religion


You were on level 4 of the Dungeon.
You worshipped Kikubaaqudgha.
Kikubaaqudgha was noncommittal.
You visited 1 branch of the dungeon, and saw 4 of its levels.

You collected 227 gold pieces.
You spent 114 gold pieces at shops.

Inventory:

Hand Weapons
 e - a +0 club
 f - a +0 dagger (weapon)
Armour
 a - a +0 robe
 v - a +2 robe of resistance (worn)
Jewellery
 p - an amulet of guardian spirit
Scrolls
 d - a scroll of teleportation
 g - a scroll of fear {unknown}
 h - a scroll of enchant weapon {unknown}
 j - 6 scrolls of identify {unknown}
 l - a scroll of acquirement {unknown}
 m - a scroll of poison {unknown}
 n - a scroll of vulnerability {unknown}
 u - a scroll of blinking {unknown}
Potions
 c - a potion of flight {unknown}
 i - 3 potions of curing {unknown}
 k - 2 potions of degeneration {unknown}
 o - 3 potions of haste {unknown}
 q - a potion of heal wounds {unknown}
 r - 2 potions of attraction {unknown}
 s - 2 potions of mutation {unknown}
 t - 2 potions of invisibility {unknown}


   Skills:
 - Level 2.0 Fighting
 - Level 2.0 Dodging
 - Level 2.0 Stealth
 - Level 2.0 Spellcasting
 * Level 2.4 Conjurations
 - Level 1.0 Transmutations
 * Level 4.8 Earth Magic


You had 2 spell levels left.
You knew the following spells:

 Your Spells              Type           Power      Damage    Failure   Level
a - Sandblast             Erth           36%        2d10      2%          1
b - Passwall              Tmut/Erth      9%         N/A       9%          2
c - Stone Arrow           Conj/Erth      28%        3d8       13%         3

Your spell library contained the following spells:

 Spells                   Type           Power      Damage    Failure   Level
 Summon Guardian Golem    Hex/Summ       1%         N/A       50%         3
 Petrify                  Tmut/Erth      11%        N/A       50%         4
 Orb of Destruction       Conj           4%         9d5       100%        7
 Spellforged Servitor     Conj/Summ      2%         N/A       100%        7


Dungeon Overview and Level Annotations

Branches:
Dungeon (4/15)
 Temple: D:4-7

Altars:
Kikubaaqudgha

Shops:
D:2 [   D:3 *

Annotations:
D:4 Eustachio


Message History

Eustachio blinks!
The rat bites you but does no damage. The shadow imp misses you.
Aiming: Sandblast (safe; 2% risk of failure)
Press: ? - help, Q - select action, (/) - cycle Shift-Dir - straight line, f/p - Eustachio
Aim: Eustachio, wielding a +0 rapier and wearing a +0 leather armour (severely wounded, 75% to hit)
The blast of sand hits the rat.
You kill the rat!
The rat's corpse disappears in a puff of smoke!
The shadow imp barely misses you.
The white imp shouts, "Escape, thou droning hasty-witted hedge-pig!"
Aiming: Sandblast (safe; 2% risk of failure)
Press: ? - help, Q - select action, (/) - cycle Shift-Dir - straight line, f/p - Eustachio
Aim: Eustachio, wielding a +0 rapier and wearing a +0 leather armour (severely wounded, 75% to hit)
The blast of sand hits Eustachio.
Eustachio is severely wounded.
Eustachio gestures wildly while chanting.
The shadow imp closely misses you.
Eustachio gestures wildly while chanting.
The white imp shouts, "Away with thee, thou unhinged beef-witted joithead!"
The shadow imp barely misses you.
Aiming: Sandblast (safe; 2% risk of failure)
Press: ? - help, Q - select action, (/) - cycle Shift-Dir - straight line, f/p - Eustachio
Aim: Eustachio, wielding a +0 rapier and wearing a +0 leather armour (severely wounded, 75% to hit)
The blast of sand hits Eustachio.
Eustachio is severely wounded.
Eustachio closely misses you. The shadow imp hits you.
* * * LOW HITPOINT WARNING * * *
Aiming: Sandblast (safe; 2% risk of failure)
Press: ? - help, Q - select action, (/) - cycle Shift-Dir - straight line, f/p - Eustachio
Aim: Eustachio, wielding a +0 rapier and wearing a +0 leather armour (severely wounded, 75% to hit)
The blast of sand hits Eustachio.
Eustachio is almost dead.
The ufetubus disappears in a puff of smoke!
The quokka twitches its whiskers.
Eustachio hits you with a +0 rapier.
* * * LOW HITPOINT WARNING * * *
The shadow imp gestures at you. Pain shoots through your body!
You die...
Kikubaaqudgha rasps: "You have failed me!
Welcome... death!"

#.# #.# #.# #.# ## #.# #
#. #.######### #.##.
######..........
#...?#####r.....#########
#>.§55@@b..............
########......###.#.###
###........#.#.# #
#..........#.#.# #
#.#........#.#.# #
#.#...÷....#.#.### #
#.###÷##.#.#.#..
#........#.#.#.#
#.####.#####.#.#.#


You could see Eustachio, a white imp (summoned), a shadow imp (summoned), a
quokka (summoned) and a bat (summoned).

Vanquished Creatures
  Jessica (D:3)
  An iguana (D:4)
  An orc wizard (D:3)
  An adder (D:3)
  5 worms
  3 dart slugs (D:1)
  3 orcs (D:3)
  5 ball pythons
  11 endoplasms
  A giant cockroach (D:2)
  3 hobgoblins
  2 jackals (D:3)
  6 kobolds
  5 quokkas
  5 frilled lizards
  5 goblins
  4 rats (D:3)
62 creatures vanquished.

Notes
Turn   | Place    | Note
-------+----------+-------------------------------------------
     0 | D:1      | browni3141 the Human Earth Elementalist began the quest for
                  | the Orb.
     0 | D:1      | Reached XP level 1. HP: 13/13 MP: 3/3
   117 | D:1      | Reached skill level 1 in Fighting
   206 | D:1      | Reached XP level 2. HP: 19/21 MP: 1/5
   266 | D:1      | Learned a level 2 spell: Passwall
   526 | D:1      | Reached XP level 3. HP: 27/27 MP: 4/6
  1254 | D:2      | Found Guughoh's Armour Shop.
  1509 | D:2      | Reached skill level 4 in Earth Magic
  1509 | D:2      | Reached XP level 4. HP: 33/33 MP: 5/7
  1513 | D:2      | Learned a level 3 spell: Stone Arrow
  1944 | D:3      | Found Ymiepnet's Assorted Antiques.
  1956 | D:3      | Bought a scroll labelled GEOCVAL YF SEA for 30 gold pieces
  1956 | D:3      | Bought a scroll labelled DUMARI CEUME for 30 gold pieces
  1956 | D:3      | Bought a metallic brown potion for 27 gold pieces
  1956 | D:3      | Bought a gluggy clear potion for 27 gold pieces
  2033 | D:3      | Reached skill level 1 in Conjurations
  2120 | D:3      | Found an ancient bone altar of Kikubaaqudgha.
  2140 | D:3      | Reached XP level 5. HP: 37/38 MP: 5/8
  2160 | D:3      | Became a worshipper of Kikubaaqudgha
  2528 | D:3      | Noticed Jessica
  2532 | D:3      | Killed Jessica
  3046 | D:4      | Noticed Eustachio
  3062 | D:4      | Killed from afar by a shadow imp

Illustrated notes

Levels and vault maps discovered:
D:1:      wander_arrival_chamber, layout_basic, minivault_4
D:2:      layout_loops_ring, serial_shops, nicolae_shop_waterfront,
          minmay_hexomino_p4
D:3:      cheibrodos_helix_gallery, layout_basic,
          mainiacjoe_overflow_surrounded_room, serial_shops,
          nicolae_diamond_shop, supply_closet_lemuel, uniq_jessica
D:4:      layout_basic, minmay_temple_entry_ruins, uniq_menkaure, uniq_grinder,
          uniq_eustachio

Skill      XL: |  1  2  3  4  5 |
---------------+----------------+-----
Fighting       | 1 2 |  2.0
Earth Magic    | 4 |  4.8
Conjurations   | 1 2 |  2.4
Dodging        | |  2.0
Stealth        | |  2.0
Spellcasting   | |  2.0
Transmutations | |  1.0

Action                     |  1- 3 |  4- 6 || total
---------------------------+-------+-------++-------
  Melee: Dagger            |     6 |    18 ||    24
         Punch             |     1 |       ||     1
   Cast: Sandblast         |    50 |    66 ||   116
    Use: Scroll            |     1 |     2 ||     3
         Potion            |       |     1 ||     1
 Armour: Robe              |     1 |     6 ||     7
  Dodge: Dodged            |     4 |    28 ||    32

Table legend: (Time is in decaauts)
 A = Elapsed time spent in this place.
 B = Non-inter-level travel time spent in this place.
 C = Inter-level travel time spent in this place.
 D = Time resting spent in this place.
 E = Time spent auto-exploring this place.
 F = Levels seen in this place.
 G = Mean time per level.
                   A        B        C        D        E       F      G
               +--------+--------+--------+--------+--------+-----+--------+
         Total |   3118 |   3008 |    110 |    111 |   2389 |   4 |  779.5 |
       Dungeon |   3118 |   3008 |    110 |    111 |   2389 |   4 |  779.5 |
               +--------+--------+--------+--------+--------+-----+--------+

Top non-repeatable levels by time:
     D:2: 995 daAuts
     D:3: 968 daAuts
     D:1: 875 daAuts
     D:4: 279 daAuts
